 Dungeon Crawl Stone Soup version 0.28.0-47-ge53b351184 (webtiles) character file.

Game seed: 2693408334815602098

46 Peloso the Covered (level 3, 0/33 HPs)
             Began as a Minotaur Fighter on Apr 29, 2022.
             Slain by Grinder (1 damage)
             ... while paralysed by Grinder
             ... on level 3 of the Dungeon.
             The game lasted 00:02:12 (2266 turns).

Peloso the Covered (Minotaur Fighter)               Turns: 2266, Time: 00:02:12

Health: 0/33       AC:  8    Str: 20    XL:     3   Next: 44%
Magic:  2/2        EV:  2    Int:  5    God:
Gold:   0          SH:  0    Dex: 11    Spells: 2/2 levels left

rFire   . . .      SeeInvis .   a - +0 long sword
rCold   . . .      Faith    .   c - +0 buckler
rNeg    . . .      Spirit   .   b - +0 scale mail
rPois   .          Reflect  .   (helmet restricted)
rElec   .          Harm     .   (no cloak)
rCorr   .          Rampage  .   (no gloves)
Will    .....                   g - +0 pair of boots
Stlth   ..........              (no amulet)
HPRegen 0.11/turn               (no ring)
MPRegen 0.08/turn               (no ring)

@: paralysed
A: horns 2, retaliatory headbutt
a: no special abilities


You were on level 3 of the Dungeon.
You visited 1 branch of the dungeon, and saw 3 of its levels.

You collected 55 gold pieces.
You spent 55 gold pieces at shops.

Inventory:

Hand Weapons
 a - a +0 long sword (weapon)
Armour
 b - a +0 scale mail (worn)
 c - a +0 buckler (worn)
 g - a +0 pair of boots (worn)
Jewellery
 f - a ring of wizardry
Scrolls
 j - a scroll of magic mapping
 k - a scroll of identify
 l - a scroll of fog
 n - 3 scrolls of teleportation
Potions
 d - a potion of might
 e - a potion of curing {unknown}
 h - a potion of lignification {unknown}
 i - a potion of attraction {unknown}
 m - a potion of heal wounds {unknown}


   Skills:
 + Level 3.9 Fighting
 + Level 2.6 Long Blades
 + Level 4.7 Armour
 + Level 0.6 Dodging
 + Level 0.1 Stealth
 + Level 4.0 Shields


You had 2 spell levels left.
You didn't know any spells.
Your spell library contained the following spells:

 Spells                   Type           Power      Damage    Failure   Level
 Corpse Rot               Necr/Air       0%         N/A       96%         2
 Dispel Undead            Necr           0%         3d6       100%        4
 Death Channel            Necr           0%         N/A       100%        6


Dungeon Overview and Level Annotations

Branches:
Dungeon (3/15)

Altars:
Sif Muna

Shops:
D:1 =   D:2 ?

Annotations:
D:3 Grinder


Innate Abilities, Weirdness & Mutations

You have a pair of horns on your head.
You reflexively headbutt those who attack you in melee.


Message History

Grinder blinks!
The hobgoblin hits you but does no damage.
You barely miss the hobgoblin. Your headbutt misses the hobgoblin.
The hobgoblin closely misses you. You furiously retaliate!
You headbutt the hobgoblin. You hit the hobgoblin but do no damage.
The hobgoblin is severely wounded.
The hobgoblin hits you but does no damage.
A rat comes into view.
You hit the hobgoblin but do no damage. Your headbutt misses the hobgoblin.
The hobgoblin is severely wounded.
The hobgoblin hits you but does no damage.
The hobgoblin closely misses you. You furiously retaliate!
You headbutt the hobgoblin.
You kill the hobgoblin!
The rat barely misses you. Grinder gestures at you.
Pain shoots through your body!
* * * LOW HITPOINT WARNING * * *
Unknown command.
Okay, then.
You aren't carrying any items that you can evoke.
Unknown command.
You barely miss the rat. The rat bites you but does no damage.
The rat bites you.
* * * LOW HITPOINT WARNING * * *
Unknown command.
You barely miss Grinder. You headbutt Grinder.
Grinder is lightly wounded.
Grinder gestures at you.
You suddenly lose the ability to move!
The rat bites you.
* * * LOW HITPOINT WARNING * * *
Grinder hits you.
* * * LOW HITPOINT WARNING * * *
You writhe in agony.
* * * LOW HITPOINT WARNING * * *
The rat bites you.
* * * LOW HITPOINT WARNING * * *
Grinder hits you.
You die...

#.# #.########
#..# #........#
#..# ########.#
#..# #.# #..#
#.# #..# # #.#
#..##.###
#.#####r.......
#.....@5.......
###########.###


You could see Grinder and a rat.

Vanquished Creatures
  A gnoll (D:1)
  2 worms (D:3)
  5 endoplasms
  4 goblins
  3 hobgoblins
  3 kobolds
  2 quokkas
  2 ball pythons
  3 bats
  A frilled lizard (D:3)
26 creatures vanquished.

Notes
Turn   | Place    | Note
-------+----------+-------------------------------------------
     0 | D:1      | Peloso the Minotaur Fighter began the quest for the Orb.
     0 | D:1      | Reached XP level 1. HP: 19/19 MP: 0/0
   373 | D:1      | Reached XP level 2. HP: 22/27 MP: 1/1
   836 | D:1      | Found Betoxas's Jewellery Shop.
  1471 | D:2      | Reached XP level 3. HP: 33/33 MP: 2/2
  1741 | D:2      | Found Roclo's Magic Scroll Shoppe.
  1747 | D:2      | Bought a scroll of magic mapping for 35 gold pieces
  1747 | D:2      | Bought a scroll of identify for 20 gold pieces
  2141 | D:3      | Found a shimmering blue altar of Sif Muna.
  2249 | D:3      | Noticed Grinder
  2264 | D:3      | Paralysed by Grinder for 5 turns
  2265 | D:3      | HP: 1/33 [rat (2)]
  2266 | D:3      | Slain by Grinder

Illustrated notes

Levels and vault maps discovered:
D:1:      minmay_arrival_open_corners, layout_loops_corners, serial_shops,
          nicolae_shop_temple_entry_statues_fountains,
          chequers_hall_statues_wall_a, hangedman_abyss_or_decor_lesser_grid
D:2:      layout_basic, serial_shops, nicolae_shop_hallway_stairs,
          kennysheep_generic_room_3
D:3:      layout_loops_ring, lemuel_tele_altar, minmay_misc_feat_alley,
          minmay_misc_feat_four_crosses, uniq_grinder

Skill      XL: |  1  2  3 |
---------------+----------+-----
Armour         | 4 |  4.7
Shields        | 4 |  4.0
Fighting       | |  3.9
Long Blades    | |  2.6
Dodging        | |  0.6
Stealth        | |  0.1

Action                   || total
-------------------------++-------
Melee: Long sword        ||    61
       Headbutt          ||    13
  Use: Scroll            ||     3
Armor: Scale mail        ||    24
Dodge: Dodged            ||    30
Block: Buckler           ||    15
